 Dungeon Crawl Stone Soup version 0.17-a0-1504-gb7d9117 (webtiles) character file.

231 Chiseanne the Skirmisher (level 5, -8/42 HPs)
             Began as a Demonspawn Warper on July 9, 2015.
             Mangled by an iguana (10 damage)
             ... on level 4 of the Dungeon.
             The game lasted 00:11:12 (4795 turns).

Chiseanne the Skirmisher (Demonspawn Warper)        Turns: 4795, Time: 00:11:12

Health: -8/42      AC:  6    Str: 12    XL:     5   Next: 73%
Magic:  9/9        EV: 11    Int: 17    God:
Gold:   184        SH:  0    Dex: 12    Spells: 4 memorised, 2 levels left

rFire  . . .     SeeInvis .     a - +0 hand axe
rCold  . . .     Clarity  .     k - +0 ring mail
rNeg   . . .     SustAt   .     (no shield)
rPois  .         Gourm    .     (no helmet)
rElec  .         Spirit   .     (no cloak)
rCorr  .         Warding  .     n - +0 pair of gloves
rMut   .         Stasis   .     (no boots)
MR     .....                    (no amulet)
Stlth  +.........               (no ring)
                                o - +2 ring of intelligence

@: not resistant to hostile enchantments, very unstealthy
A: claws 2
a: no special abilities


You were on level 4 of the Dungeon.
You were not hungry.

You visited 1 branch of the dungeon, and saw 4 of its levels.

You collected 184 gold pieces.

Inventory:

Hand weapons
 a - a +0 hand axe (weapon)
 b - a cursed -1 dagger
Missiles
 h - 5 needles of sleeping
 j - 13 sling bullets
 m - 16 bolts
Armour
 k - a +0 ring mail (worn)
 n - a +0 pair of gloves (worn)
Jewellery
 o - a +2 ring of intelligence (left hand)
 p - an uncursed ring of ice
 u - an uncursed ring of ice
Scrolls
 d - 2 scrolls of blinking
 q - a scroll of remove curse
 s - a scroll of teleportation
Books
 c - a book of Spatial Translocations

   Spells                             Type                      Level
   a - Apportation                    Translocation                1
   b - Blink                          Translocation                2
   c - Shroud of Golubria             Charms/Translocation         2
   d - Portal Projectile              Translocation                3
   e - Teleport Other                 Translocation                3
   f - Passage of Golubria            Translocation                4
Comestibles
 f - 3 bread rations
 g - 2 meat rations
 l - a chunk of flesh


   Skills:
 * Level 3.9 Fighting
 - Level 1.7 Axes
 - Level 0.8 Throwing
 * Level 2.5 Armour
 - Level 1.9 Dodging
 + Level 3.1 Spellcasting
 + Level 3.3 Translocations


You had 2 spell levels left.
You knew the following spells:

 Your Spells              Type           Power        Failure   Level  Hunger
a - Apportation           Tloc           ##........   12%         1    None
b - Blink                 Tloc           N/A          17%         2    ##.....
c - Shroud of Golubria    Chrm/Tloc      #.........   34%         2    ##.....
d - Teleport Other        Tloc           ##......     30%         3    ###....


Dungeon Overview and Level Annotations

Branches:
Dungeon (4/15)
 Temple: D:4-7

Altars:
Cheibriados
Ru
Xom

Annotations:
D:2 exclusion: downstairs
D:3 Grinder


Innate Abilities, Weirdness & Mutations

You have very sharp fingernails.


Message History

The iguana is moderately wounded.
The iguana bites you.
* * * LOW HITPOINT WARNING * * *
Drink which item? (? for menu, Esc to quit)
You feel better. The iguana closely misses you.
Drink which item? (? for menu, Esc to quit)
You don't have any such object.
Drink which item? (? for menu, Esc to quit)
Okay, then.
Drink which item? (? for menu, Esc to quit)
It was a potion of cure mutation.
It has a very clean taste.
The iguana barely misses you.
You hit the iguana but do no damage.
The iguana is moderately wounded.
The iguana misses you. The iguana bites you!
* * * LOW HITPOINT WARNING * * *
You hit the iguana but do no damage.
The iguana is moderately wounded.
The iguana bites you!
You die...

..............##
...........(...
..............# #
......#.......##.###
....................
............<.......
......#.####.###.###
......#.##..........
..... #..l@.........
..... ####.#.....##.
.... #.#..##.# ....
#.#..# .# #.#.$# #
#.#..# #.#... ...
#.#


You could see an iguana.

Vanquished Creatures
  Jessica (D:3)
  A worker ant (D:4)
  3 adders
  8 gnolls
  An ooze (D:2)
  2 worms (D:2)
  6 giant geckos
  2 orcs (D:3)
  A ball python (D:1)
  8 bats
  2 giant cockroaches
  7 hobgoblins
  12 kobolds
  A giant newt (D:1)
  15 goblins
  5 rats
75 creatures vanquished.

Notes
Turn   | Place    | Note
--------------------------------------------------------------
     0 | D:1      | Chiseanne the Demonspawn Warper began the quest for the Orb.
     0 | D:1      | Reached XP level 1. HP: 16/16 MP: 3/3
   654 | D:1      | Reached skill level 1 in Armour
   654 | D:1      | Gained mutation: You have sharp fingernails. [demonic ancestry]
   654 | D:1      | Reached XP level 2. HP: 20/23 MP: 5/5
  1386 | D:1      | Gained mutation: You have very sharp fingernails. [demonic ancestry]
  1386 | D:1      | Reached XP level 3. HP: 26/28 MP: 6/6
  1914 | D:1      | HP: 1/28 [poisoned by an adder]
  2503 | D:2      | Learned a level 2 spell: Blink
  2506 | D:2      | Learned a level 2 spell: Shroud of Golubria
  2528 | D:2      | Reached skill level 3 in Fighting
  2944 | D:2      | Reached XP level 4. HP: 30/35 MP: 7/7
  2985 | D:2      | Learned a level 3 spell: Teleport Other
  3037 | D:3      | Noticed Grinder
  3518 | D:3      | Paralysed by Grinder for 4 turns
  3571 | D:3      | Noticed Jessica
  3587 | D:3      | Killed Jessica
  3587 | D:3      | Reached XP level 5. HP: 37/41 MP: 9/9
  3651 | D:3      | Found a shimmering altar of Xom.
  3651 | D:3      | Found a sacrificial altar of Ru.
  3651 | D:3      | Found a snail-covered altar of Cheibriados.
  4407 | D:3      | Noticed an ice beast
  4794 | D:4      | HP: 2/42 [iguana (9)]
  4795 | D:4      | Mangled by an iguana

Vault maps used:
D:1:      dpeg_arrival_leaves_temple_mockup, serial_corexii_hall,
          corexii_hall_statues_x, corexii_hall_statues_s, kennysheep_flooded_box
D:2:      first_bread
D:3:      gammafunk_temple_overflow_claw, uniq_grinder, uniq_jessica
D:4:      enter_ossuary_2

Action                   |  1- 3 |  4- 6 || total
-------------------------+-------+-------++-------
Melee: Hand axe          |   217 |   171 ||   388
       Unarmed           |       |     3 ||     3
Throw: Tomahawk          |     7 |     9 ||    16
  Use: Scroll            |     6 |     2 ||     8
       Potion            |       |     3 ||     3
  Eat: Chunk             |     7 |     4 ||    11
       Beef jerky        |       |     1 ||     1
